 Dungeon Crawl Stone Soup version 0.24-a0-264-gf46a388 (webtiles) character file.

Game seed: 10983183430225072613

128 mopl the Cutter (level 4, -1/25 HPs)
             Began as a Deep Elf Skald on Apr 19, 2019.
             Slain by a gnoll
             ... wielding a +0 flail
              (10 damage)
             ... on level 3 of the Dungeon.
             The game lasted 00:05:36 (2668 turns).

mopl the Cutter (Deep Elf Skald)                    Turns: 2668, Time: 00:05:36

Health: -1/25      AC:  5    Str:  8    XL:     4   Next: 86%
Magic:  1/10       EV: 12    Int: 18    God:
Gold:   54         SH:  0    Dex: 15    Spells: 1/9 levels left

rFire    . . .     SeeInvis .   a - +0 short sword
rCold    . . .     Gourm    .   (no shield)
rNeg     . . .     Faith    .   b - +0 leather armour
rPois    .         Spirit   .   n - +1 helmet
rElec    .         Reflect  .   (no cloak)
rCorr    .         Harm     .   (no gloves)
MR       .....                  (no boots)
Stlth    +.........             f - amulet of rage
HPRegen  0.08/turn              (no ring)
MPRegen  0.12/turn              (no ring)

@: infused, singing
A: no striking features
a: Evoke Berserk Rage


You were on level 3 of the Dungeon.
You were not hungry.

You visited 1 branch of the dungeon, and saw 3 of its levels.

You collected 54 gold pieces.

Inventory:

Hand Weapons
 a - a +0 short sword (weapon)
Missiles
 l - 21 poisoned needles
Armour
 b - a +0 leather armour (worn)
 n - a +1 helmet (worn)
Jewellery
 f - an amulet of rage (around neck)
Scrolls
 c - 2 scrolls of immolation {unknown}
 e - 2 scrolls of identify {unknown}
 g - a scroll of enchant armour {unknown}
 h - a scroll of enchant weapon {unknown}
 i - a scroll of random uselessness {unknown}
 j - 2 scrolls of fog {unknown}
 k - a scroll of teleportation {unknown}
 p - a scroll of remove curse {unknown}
Potions
 o - a potion of mutation {unknown}
Comestibles
 d - 4 rations


   Skills:
 - Level 1.5 Fighting
 * Level 4.9 Short Blades
 - Level 0.7 Armour
 - Level 2.4 Dodging
 + Level 3.1 Spellcasting
 + Level 0.6 Hexes
 + Level 4.5 Charms
 + Level 0.4 Translocations


You had one spell level left.
You knew the following spells:

 Your Spells              Type           Power        Failure   Level  Hunger
a - Infusion              Chrm           ###.         3%          1    None
b - Spectral Weapon       Hex/Chrm       ##......     24%         3    ###....
c - Song of Slaying       Chrm           ###.....     5%          2    ##.....
f - Shroud of Golubria    Chrm/Tloc      ##........   12%         2    ##.....

Your spell library contained the following spells:

 Spells                   Type           Power        Failure   Level  Hunger
 Regeneration             Chrm/Necr      ##........   26%         3    ###....


Dungeon Overview and Level Annotations

Branches:
Dungeon (3/15)

Altars:


Message History

The gnoll is heavily wounded.
Your shroud bends the gnoll's attack away.
You hit the gnoll.
You kill the gnoll!
You hit the gnoll.
The gnoll is moderately wounded.
The gnoll hits you but does no damage.
You hit the gnoll.
The gnoll is severely wounded.
You hit the gnoll but do no damage.
The gnoll is severely wounded.
Your shroud unravels.
The gnoll hits you but does no damage.
You barely miss the gnoll.
The gnoll is severely wounded.
The gnoll hits you with a +0 flail.
You barely miss the gnoll.
The gnoll is severely wounded.
The gnoll hits you with a +0 flail!
You die...

# # ###.##########
.# .. ...#.....#
#.##
#.##.#.....##g..##
#....g.###.#g....##
####.#.# #..g......
#.#g###.###.####
#.######.##...##
#....<@g.######
##########


You could see a gnoll.

Vanquished Creatures
  Robin (D:2)
  3 gnolls (D:3)
  3 adders (D:2)
  An ooze (D:2)
  A dart slug (D:1)
  3 leopard geckos
  3 bats (D:1)
  3 giant cockroaches
  10 goblins
  8 hobgoblins
  A quokka (D:2)
  2 frilled lizards
  8 kobolds
  6 rats
53 creatures vanquished.

Vanquished Creatures (others)
  A plant (D:1)
1 creature vanquished.

Grand Total: 54 creatures vanquished

Notes
Turn   | Place    | Note
-------+----------+-------------------------------------------
     0 | D:1      | mopl the Deep Elf Skald began the quest for the Orb.
     0 | D:1      | Reached XP level 1. HP: 12/12 MP: 6/6
   204 | D:1      | Reached XP level 2. HP: 12/16 MP: 5/8
   208 | D:1      | Learned a level 2 spell: Song of Slaying
   213 | D:1      | Reached skill level 3 in Short Blades
   439 | D:1      | Learned a level 2 spell: Shroud of Golubria
  1246 | D:1      | Reached XP level 3. HP: 19/20 MP: 4/9
  1656 | D:2      | Reached skill level 4 in Short Blades
  1684 | D:2      | Learned a level 3 spell: Spectral Weapon
  1690 | D:2      | Noticed Robin
  2049 | D:2      | Killed Robin
  2049 | D:2      | Reached XP level 4. HP: 21/25 MP: 3/10
  2668 | D:3      | Slain by a gnoll

Levels and vault maps discovered:
D:1:      psy_arrival_fountain, layout_loops_ring, minmay_misc_feat_roman,
          corexii_hall_statues_t, nrook_mini_backslash, chequers_big_river,
          lexackson_kobold_supper
D:2:      layout_basic, uniq_robin
D:3:      layout_loops_corners, overflow_temple_1_default, old_standard_altar,
          minmay_fountain_box, uniq_jessica, uniq_grinder

Skill      XL: |  1  2  3 |
---------------+----------+-----
Short Blades   | 3 4 |  4.9
Fighting       | |  1.5
Armour         | |  0.7
Dodging        | |  2.4
Spellcasting   | |  3.1
Hexes          | |  0.6
Charms         | |  4.5
Translocations | |  0.4

Action                   |  1- 3 |  4- 6 || total
-------------------------+-------+-------++-------
Melee: Short sword       |   111 |    48 ||   159
 Cast: Infusion          |    15 |     7 ||    22
       Song of Slaying   |     3 |     2 ||     5
       Shroud of Golubri |     1 |     1 ||     2
       Spectral Weapon   |     3 |       ||     3
 Abil: Evoke Berserk Rag |     1 |       ||     1
  Eat: Chunk             |     3 |     4 ||     7
Armor: Leather armour    |    20 |     9 ||    29
Dodge: Dodged            |    57 |    18 ||    75

Table legend:
 A = Non-vault XP
 B = Vault XP
 C = Vault XP percentage of total XP
 D = Non-vault monster count
 E = Vault monster count
 F = Vault count percentage of total count
                 A         B        C        D         E       F
            +---------+---------+-------+---------+---------+-------
      Total |     140 |      43 |  23.5 |      37 |      16 |  30.2
            +---------+---------+-------+---------+---------+-------
        D:1 |      36 |      13 |  26.5 |      21 |       8 |  27.6
        D:2 |      62 |      30 |  32.6 |      13 |       8 |  38.1
        D:3 |      42 |       0 |   0.0 |       3 |       0 |   0.0
            +---------+---------+-------+---------+---------+-------
